 Dungeon Crawl Stone Soup version 0.24-a0-434-gd57e52fea8 (webtiles) character file.

Game seed: 11069747946712388797

28 WarEagle the Skirmisher (level 2, 0/27 HPs)
             Began as a Minotaur Berserker on June 16, 2019.
             Was a Believer of Trog.
             Slain by a goblin
             ... wielding a +0 dagger
             ... led by Robin
              (4 damage)
             ... on level 2 of the Dungeon.
             The game lasted 00:05:25 (636 turns).

WarEagle the Skirmisher (Minotaur Berserker)         Turns: 636, Time: 00:05:26

Health: 0/27       AC:  2    Str: 21    XL:     2   Next: 96%
Magic:  1/1        EV:  9    Int:  4    God:    Trog [**....]
Gold:   70         SH:  9    Dex:  9    Spells: 1/1 levels left

rFire    . . .     SeeInvis .   a - +0 hand axe
rCold    . . .     Gourm    .   l - +2 shield
rNeg     . . .     Faith    .   b - +0 animal skin
rPois    .         Spirit   .   (helmet restricted)
rElec    .         Reflect  .   (no cloak)
rCorr    .         Harm     .   (no gloves)
MR       .....     Rnd*Tele +   (no boots)
Stlth    +.........             (no amulet)
HPRegen  0.09/turn              g - ring of teleportation (curse)
MPRegen  0.07/turn              (no ring)

@: no status effects
A: retaliatory headbutt, horns 2
a: Berserk, Trog's Hand, Renounce Religion


You were on level 2 of the Dungeon.
You worshipped Trog.
Trog was pleased with you.
You were not hungry.

You visited 1 branch of the dungeon, and saw 2 of its levels.

You collected 70 gold pieces.

Inventory:

Hand Weapons
 a - a +0 hand axe (weapon)
Armour
 b - a +0 animal skin (worn)
 l - a +2 shield (worn)
Jewellery
 g - a cursed ring of teleportation (left hand)
Scrolls
 e - a scroll of immolation {unknown}
 i - 2 scrolls of remove curse {unknown}
Potions
 d - a potion of mutation {unknown}
 h - 2 potions of flight {unknown}
 j - a potion of curing {unknown}
 k - a potion of might {unknown}
Comestibles
 c - 5 rations
 f - a chunk of flesh


   Skills:
 + Level 4.0 Fighting
 + Level 4.0 Axes
 + Level 3.0 Armour
 + Level 2.6 Dodging


You had one spell level left.
You didn't know any spells.
Your spell library was empty.

Dungeon Overview and Level Annotations

Branches:
Dungeon (2/15)

Altars:

Annotations:
D:2 Robin


Innate Abilities, Weirdness & Mutations

You reflexively headbutt those who attack you in melee.
You have a pair of horns on your head.


Message History

You barely miss the hobgoblin. Your headbutt misses the hobgoblin.
You miss something. You block the hobgoblin's attack.
The goblins go into a battle-frenzy!
The hobgoblin barely misses you.
You hit the hobgoblin but do no damage.
Your shield prevents you from hitting something.
You block something's attack. Something hits you.
The hobgoblin hits you with a +0 club.
You hit the hobgoblin. You headbutt the hobgoblin.
You kill the hobgoblin!
Trog accepts your kill.
You hit something. Something hits you. x2
You closely miss the goblin. You hit something but do no damage.
The goblin hits you with a +0 dagger!
* * * LOW HITPOINT WARNING * * *
Something hits you.
* * * LOW HITPOINT WARNING * * *
There is a stone staircase leading up here.
The goblin hits you with a +0 dagger.
You die...

#.# #.# #.# #
#.#
.#.#.##.###.###
..gg...........
#†# ###g###.#
#@g.....#
###........
#####.### #


You could see 2 goblins.

Vanquished Creatures
  A dart slug (D:1)
  7 bats (D:1)
  A giant cockroach (D:1)
  5 goblins
  2 hobgoblins
  2 jackals (D:1)
  2 frilled lizards (D:1)
  A kobold (D:1)
  3 rats (D:1)
24 creatures vanquished.

Vanquished Creatures (others)
  5 toadstools (D:1)
5 creatures vanquished.

Grand Total: 29 creatures vanquished

Notes
Turn   | Place    | Note
-------+----------+-------------------------------------------
     0 | D:1      | WarEagle the Minotaur Berserker began the quest for the
                  | Orb.
     0 | D:1      | Reached XP level 1. HP: 19/19 MP: 0/0
   223 | D:1      | Reached XP level 2. HP: 27/27 MP: 1/1
   612 | D:2      | Noticed Robin
   626 | D:2      | Reached ** piety under Trog
   636 | D:2      | Slain by a goblin

Levels and vault maps discovered:
D:1:      ldierk_walled_garden, layout_loops_ring,
          chequers_serial_rivers_small_3, dk_noncrumbling_2
D:2:      layout_basic, grunt_temple_overflow_forces_of_nature,
          lemuel_zombie_altar_yredelemnul, uniq_jessica, uniq_robin

Skill      XL: |  1  2 |
---------------+-------+-----
Fighting       | 4 |  4.0
Axes           | 4 |  4.0
Armour         | 3 |  3.0
Dodging        | |  2.6

Action                   || total
-------------------------++-------
Melee: Hand axe          ||    50
       Headbutt          ||     8
Armor: Animal skin       ||     8
Dodge: Dodged            ||    28
Block: Shield            ||     9

Table legend:
 A = Non-vault XP
 B = Vault XP
 C = Vault XP percentage of total XP
 D = Non-vault monster count
 E = Vault monster count
 F = Vault count percentage of total count
                 A         B        C        D         E       F
            +---------+---------+-------+---------+---------+-------
      Total |      32 |       8 |  20.0 |      20 |       4 |  16.7
            +---------+---------+-------+---------+---------+-------
        D:1 |      32 |       0 |   0.0 |      20 |       0 |   0.0
        D:2 |       0 |       8 | 100.0 |       0 |       4 | 100.0
            +---------+---------+-------+---------+---------+-------
